HSSL
JOHN JAY HS PATRIOTS @ FRESNO HS RED WINGS
04/10/2029
 
TOP OF THE 1ST
John Jay HS Patriots batting - Pitching for Fresno HS Red Wings : LHP José Schneider
Pitching: LHP José Schneider
Batting: RHB Ronald Cleveland 0-0: Ball
1-0: Swinging Strike
1-1: Swinging Strike
1-2: Ground out 6-3 (Groundball, 6)
Batting: SHB José Cuevas 0-0: Called Strike
0-1: Foul Ball, location: 2F
0-2: SINGLE (Groundball, 4MD)
Batting: SHB Luis Peña 0-0: Ball
1-0: Called Strike
1-1: Foul Ball, location: 2F
1-2: Fly out, F9 (Flyball, 9)
Batting: RHB Gunnar Wallace 0-0: Ball
1-0: Called Strike
1-1: Called Strike
1-2: SINGLE (Groundball, 56D)
José Cuevas to second
Batting: LHB Dean Kelly 0-0: Ball
1-0: Foul Ball, location: 2F
1-1: Fielders Choice at 2nd, 6-4 (Groundball, 6)
Top of the 1st over - 0 runs, 2 hits, 0 errors, 2 left on base; John Jay HS 0 - Fresno HS 0
BOTTOM OF THE 1ST
Fresno HS Red Wings batting - Pitching for John Jay HS Patriots : RHP Eric Robertson
Pitching: RHP Eric Robertson
Batting: RHB Mike Peterson 0-0: Foul Ball, location: 2F
0-1: Swinging Strike
0-2: Foul Ball, location: 2F
0-2: Ball
1-2: Ground out 6-3 (Groundball, 6)
Batting: RHB Harry Payne 0-0: Foul Ball, location: 2F
0-1: Ball
1-1: Swinging Strike
1-2: Ball
2-2: Ball
3-2: SOLO HOME RUN (Flyball, 7LD), Distance : 348 ft
Batting: RHB Thomas English 0-0: Ball
1-0: Ball
2-0: Ball
3-0: Base on Balls
Batting: SHB Xavier Stout 0-0: Called Strike
0-1: Called Strike
0-2: Foul Ball, location: 2F
0-2: Grounds into double play, 5-4-3 (Groundball, 56)
Bottom of the 1st over - 1 run, 1 hit, 0 errors, 0 left on base; John Jay HS 0 - Fresno HS 1
TOP OF THE 2ND
John Jay HS Patriots batting - Pitching for Fresno HS Red Wings : LHP José Schneider
Batting: RHB Wyatt Wallace 0-0: Fly out, F4 (Popup, 4M)
Batting: RHB Kevin Hawkins 0-0: Ball
1-0: TRIPLE (Flyball, 9LD)
Batting: SHB Oliver Miles 0-0: Swinging Strike
0-1: Ball
1-1: SINGLE (Groundball, 5D)
Kevin Hawkins scores
Batting: RHB Kelly Frey 0-0: SINGLE (Line Drive, 9LS)
Oliver Miles to second
Runner from 2nd tries for 3rd, SAFE, no throw
Batting: RHB Ronald Cleveland 0-0: Ball
1-0: SINGLE (Groundball, 56) (infield hit)
Oliver Miles scores
Kelly Frey to second
Batting: SHB José Cuevas 0-0: Called Strike
0-1: Called Strike
0-2: Foul Ball, location: 2F
0-2: Foul Ball, location: 2F
0-2: Ball
1-2: Ball
2-2: Foul Ball, location: 2F
2-2: Fly out, F1 (Line Drive, 13)
Batting: SHB Luis Peña 0-0: Called Strike
0-1: Ball
1-1: Ball
2-1: Swinging Strike
2-2: Ball
3-2: Ground out 6-3 (Groundball, 6M)
Top of the 2nd over - 2 runs, 4 hits, 0 errors, 2 left on base; John Jay HS 2 - Fresno HS 1
BOTTOM OF THE 2ND
Fresno HS Red Wings batting - Pitching for John Jay HS Patriots : RHP Eric Robertson
Batting: RHB Bob Howard 0-0: Ball
1-0: Ground out 1-3 (Groundball, 13S)
Batting: SHB Esteban Martínez 0-0: Ball
1-0: Called Strike
1-1: Foul Ball, location: 2F
1-2: Ball
2-2: Ball
3-2: Fly out, F5 (Popup, 5F)
Batting: RHB Chris Myers 0-0: Ball
1-0: Swinging Strike
1-1: Foul Ball, location: 2F
1-2: Foul Ball, location: 2F
1-2: Foul Ball, location: 2F
1-2: Ball
2-2: Ball
3-2: Foul Ball, location: 2F
3-2: Strikes out looking
Bottom of the 2nd over - 0 runs, 0 hits, 0 errors, 0 left on base; John Jay HS 2 - Fresno HS 1
TOP OF THE 3RD
John Jay HS Patriots batting - Pitching for Fresno HS Red Wings : LHP José Schneider
Batting: RHB Gunnar Wallace 0-0: Called Strike
0-1: Foul Ball, location: 2F
0-2: Ball
1-2: Ground out 1-3 (Groundball, P)
Batting: LHB Dean Kelly 0-0: Called Strike
0-1: Ball
1-1: Foul Ball, location: 2F
1-2: Ground out 4-3 (Groundball, 4)
Batting: RHB Wyatt Wallace 0-0: Swinging Strike
0-1: Swinging Strike
0-2: Ball
1-2: Ball
2-2: Strikes out looking
Top of the 3rd over - 0 runs, 0 hits, 0 errors, 0 left on base; John Jay HS 2 - Fresno HS 1
BOTTOM OF THE 3RD
Fresno HS Red Wings batting - Pitching for John Jay HS Patriots : RHP Eric Robertson
Batting: RHB Luis Mata 0-0: Foul Ball, location: 2F
0-1: SINGLE (Groundball, 56D)
Batting: RHB Steven Springer 0-0: Ball
1-0: Called Strike
1-1: Ball
2-1: Foul Ball, location: 2F
2-2: Fly out, F3 (Popup, 3F)
Batting: RHB Mike Peterson 0-0: Called Strike
0-1: Ball
1-1: Swinging Strike
1-2: Strikes out looking
Batting: RHB Harry Payne 0-0: Called Strike
0-1: Ball
1-1: Ball
2-1: Foul Ball, location: 2F
2-2: Ball
3-2: Foul Ball, location: 2F
3-2: Foul Ball, location: 2F
3-2: Strikes out swinging
Bottom of the 3rd over - 0 runs, 1 hit, 0 errors, 1 left on base; John Jay HS 2 - Fresno HS 1
TOP OF THE 4TH
John Jay HS Patriots batting - Pitching for Fresno HS Red Wings : LHP José Schneider
Batting: RHB Kevin Hawkins 0-0: Ball
1-0: Foul Ball, location: 2F
1-1: Ball
2-1: Foul Ball, location: 2F
2-2: Ball
3-2: Base on Balls
Batting: SHB Oliver Miles 0-0: Ball
1-0: Foul Ball, location: 2F
1-1: Swinging Strike
1-2: Foul Ball, location: 2F
1-2: Ball
2-2: Foul Ball, location: 2F
2-2: Fly out, F7 (Flyball, 7S)
Batting: RHB Kelly Frey 0-0: Swinging Strike
0-1: Foul Ball, location: 2F
0-2: Foul Ball, location: 2F
0-2: Strikes out swinging
Kevin Hawkins is caught stealing 2nd base
Batter strikes out.
Top of the 4th over - 0 runs, 0 hits, 0 errors, 0 left on base; John Jay HS 2 - Fresno HS 1
BOTTOM OF THE 4TH
Fresno HS Red Wings batting - Pitching for John Jay HS Patriots : RHP Eric Robertson
Batting: RHB Thomas English 0-0: Foul Ball, location: 2F
0-1: Foul Ball, location: 2F
0-2: Ball
1-2: Ball
2-2: SOLO HOME RUN (Flyball, 7D), Distance : 340 ft
Batting: SHB Xavier Stout 0-0: Ball
1-0: Ball
2-0: Fly out, F8 (Line Drive, 78M)
Batting: RHB Bob Howard 0-0: SINGLE (Flyball, 89S)
Batting: SHB Esteban Martínez 0-0: Ball
1-0: Ball
2-0: Ball
3-0: Called Strike
3-1: Base on Balls
Bob Howard to second
Batting: RHB Chris Myers 0-0: Fly out, F8 (Flyball, 8RD)
Batting: RHB Luis Mata 0-0: Ball
1-0: Fly out, F6 (Popup, 6)
Bottom of the 4th over - 1 run, 2 hits, 0 errors, 2 left on base; John Jay HS 2 - Fresno HS 2
TOP OF THE 5TH
John Jay HS Patriots batting - Pitching for Fresno HS Red Wings : LHP José Schneider
Batting: RHB Ronald Cleveland 0-0: Ball
1-0: Foul Ball, location: 2F
1-1: Ball
2-1: Foul Ball, location: 2F
2-2: Foul Ball, location: 2F
2-2: Fly out, F7 (Flyball, 7LM)
Batting: SHB José Cuevas 0-0: Ball
1-0: Called Strike
1-1: SINGLE (Line Drive, 8RS)
Pitching: RHP Tracy O'Cannahan
Batting: SHB Luis Peña 0-0: Called Strike
0-1: Ball
1-1: Ball
2-1: 2-RUN HOME RUN (Flyball, 9D), Distance : 348 ft
Batting: RHB Gunnar Wallace 0-0: Swinging Strike
0-1: Ball
1-1: Foul Ball, location: 2F
1-2: Ball
2-2: Foul Ball, location: 2F
2-2: Foul Ball, location: 2F
2-2: Ball
3-2: Base on Balls
Batting: LHB Dean Kelly 0-0: SINGLE (Flyball, 9LS)
Gunnar Wallace to second
Runner from 2nd tries for 3rd, SAFE, throw made to third
Batting: RHB Wyatt Wallace 0-0: Foul Ball, location: 2F
0-1: Ball
Wild Pitch!
Gunnar Wallace scores
Dean Kelly to second
1-1: Fly out, F8 (Flyball, 78D)
Batting: RHB Kevin Hawkins 0-0: Ball
1-0: Ball
2-0: Ground out 1-3 (Groundball, 13S)
Top of the 5th over - 3 runs, 3 hits, 0 errors, 1 left on base; John Jay HS 5 - Fresno HS 2
BOTTOM OF THE 5TH
Fresno HS Red Wings batting - Pitching for John Jay HS Patriots : RHP Eric Robertson
Batting: RHB Steven Springer 0-0: Ball
1-0: Ball
2-0: Ball
3-0: Called Strike
3-1: Base on Balls
Batting: RHB Mike Peterson 0-0: Swinging Strike
0-1: SINGLE (Groundball, 56D)
Steven Springer to second
Batting: RHB Harry Payne 0-0: Foul Ball, location: 2F
0-1: Foul Ball, location: 2F
0-2: Strikes out swinging
Pitching: LHP Jim Douglas
Batting: RHB Thomas English 0-0: Ball
1-0: Ball
2-0: Foul Ball, location: 2F
2-1: Foul Ball, location: 2F
2-2: Fly out, F9 (Flyball, 9D)
Runner from 2nd tags up, SAFE at 3rd, no throw
Batting: SHB Xavier Stout 0-0: Called Strike
0-1: DOUBLE (Line Drive, 78XD)
Steven Springer scores
Mike Peterson to third
Batting: RHB Bob Howard 0-0: Swinging Strike
0-1: Ball
1-1: Called Strike
1-2: Ball
2-2: Ball
3-2: Base on Balls
Batting: SHB Esteban Martínez 0-0: Ball
1-0: Called Strike
1-1: Foul Ball, location: 2F
1-2: Strikes out swinging
Bottom of the 5th over - 1 run, 2 hits, 0 errors, 3 left on base; John Jay HS 5 - Fresno HS 3
TOP OF THE 6TH
John Jay HS Patriots batting - Pitching for Fresno HS Red Wings : RHP Tracy O'Cannahan
Batting: SHB Oliver Miles 0-0: Ball
1-0: Fly out, F7 (Flyball, 7S)
Batting: RHB Kelly Frey 0-0: Ball
1-0: Called Strike
1-1: Ball
2-1: Swinging Strike
2-2: SINGLE (Flyball, 9S)
Batting: RHB Ronald Cleveland 0-0: SINGLE (Groundball, 15) (infield hit)
Kelly Frey to second
Batting: SHB José Cuevas 0-0: Ball
1-0: Fly out, F9 (Flyball, 9)
Batting: SHB Luis Peña 0-0: Called Strike
0-1: Foul Ball, location: 2F
0-2: Ball
1-2: Ball
2-2: Strikes out swinging
Top of the 6th over - 0 runs, 2 hits, 0 errors, 2 left on base; John Jay HS 5 - Fresno HS 3
BOTTOM OF THE 6TH
Fresno HS Red Wings batting - Pitching for John Jay HS Patriots : LHP Jim Douglas
Batting: RHB Chris Myers 0-0: Ball
1-0: Swinging Strike
1-1: Called Strike
1-2: Ball
2-2: Foul Ball, location: 2F
2-2: SINGLE (Flyball, 7LM)
Batting: RHB Luis Mata 0-0: Called Strike
0-1: Ball
1-1: Ball
2-1: Foul Ball, location: 2F
2-2: Strikes out swinging
Batting: RHB Steven Springer 0-0: Called Strike
0-1: Ground out 4-3 (Groundball, 34)
Chris Myers to second
Batting: RHB Mike Peterson 0-0: Foul Ball, location: 2F
0-1: Called Strike
0-2: Foul Ball, location: 2F
0-2: Foul Ball, location: 2F
0-2: Ball
1-2: Hit by Pitch
Batting: RHB Harry Payne 0-0: Ball
1-0: Ball
2-0: Ball
3-0: Base on Balls
Chris Myers to third
Mike Peterson to second
Batting: RHB Thomas English 0-0: Ball
Wild Pitch!
Chris Myers scores
Mike Peterson to third
Harry Payne to second
1-0: Fly out, F9 (Flyball, 9)
Bottom of the 6th over - 1 run, 1 hit, 0 errors, 2 left on base; John Jay HS 5 - Fresno HS 4
TOP OF THE 7TH
John Jay HS Patriots batting - Pitching for Fresno HS Red Wings : RHP Tracy O'Cannahan
Batting: RHB Gunnar Wallace 0-0: SINGLE (Flyball, 89M)
Batting: LHB Dean Kelly 0-0: SINGLE (Flyball, 78S)
Gunnar Wallace to second
Batting: RHB Wyatt Wallace 0-0: Called Strike
0-1: Ball
1-1: Ball
2-1: Ball
3-1: Called Strike
3-2: Fielders Choice at 2nd, 3-6 (Groundball, 3)
Gunnar Wallace to third
Batting: RHB Kevin Hawkins 0-0: Foul Ball, location: 2F
0-1: Ball
1-1: Swinging Strike
1-2: Strikes out swinging
Batting: SHB Oliver Miles 0-0: Ball
1-0: Called Strike
1-1: Reached on error, E5 (Groundball, 56)
Gunnar Wallace scores
Wyatt Wallace to second
Pitching: RHP Juan Morales
Pinch Hitting: LHB Jeff Egbert 0-0: Ball
1-0: Ball
2-0: Ball
3-0: Base on Balls
Wyatt Wallace to third
Oliver Miles to second
Batting: RHB Ronald Cleveland 0-0: Ball
1-0: Called Strike
1-1: Called Strike
1-2: Ball
2-2: Foul Ball, location: 2F
2-2: Ball
3-2: Foul Ball, location: 2F
3-2: Foul Ball, location: 2F
3-2: Strikes out swinging
Top of the 7th over - 1 run, 2 hits, 1 error, 3 left on base; John Jay HS 6 - Fresno HS 4
BOTTOM OF THE 7TH
Fresno HS Red Wings batting - Pitching for John Jay HS Patriots : LHP Jim Douglas
Now at 2B: António Villa
Batting: SHB Xavier Stout 0-0: Ball
1-0: SINGLE (Line Drive, 7S)
Batting: RHB Bob Howard 0-0: Called Strike
0-1: Swinging Strike
0-2: Ball
1-2: Ball
2-2: Strikes out swinging
Batting: SHB Esteban Martínez 0-0: Ball
1-0: Ball
2-0: Called Strike
2-1: Foul Ball, location: 2F
2-2: Foul Ball, location: 2F
2-2: Ball
Passed Ball!
Xavier Stout to second
3-2: Ground out 4-3 (Groundball, 4M)
Xavier Stout to third
Pitching: RHP Bill Ladner
Batting: RHB Chris Myers 0-0: Ball
1-0: Foul Ball, location: 2F
1-1: Ball
2-1: Ground out 5-3 (Groundball, 56S)
Bottom of the 7th over - 0 runs, 1 hit, 0 errors, 1 left on base; John Jay HS 6 - Fresno HS 4
TOP OF THE 8TH
John Jay HS Patriots batting - Pitching for Fresno HS Red Wings : RHP Juan Morales
Batting: SHB José Cuevas 0-0: Ball
1-0: Called Strike
1-1: Ball
2-1: Swinging Strike
2-2: Foul Ball, location: 2F
2-2: Foul Ball, location: 2F
2-2: SINGLE (Groundball, 6MD)
Batting: SHB Luis Peña 0-0: Ball
1-0: 2-RUN HOME RUN (Line Drive, 9LD), Distance : 324 ft
Batting: RHB Gunnar Wallace 0-0: Ball
1-0: Called Strike
1-1: Called Strike
1-2: Strikes out swinging
Batting: LHB Dean Kelly 0-0: Ball
1-0: Ball
2-0: Ball
3-0: Called Strike
3-1: Fly out, F9 (Flyball, 9D)
Batting: RHB Wyatt Wallace 0-0: Called Strike
0-1: Foul Ball, location: 2F
0-2: Strikes out swinging
Top of the 8th over - 2 runs, 2 hits, 0 errors, 0 left on base; John Jay HS 8 - Fresno HS 4
BOTTOM OF THE 8TH
Fresno HS Red Wings batting - Pitching for John Jay HS Patriots : RHP Bill Ladner
Batting: RHB Luis Mata 0-0: Ground out 6-3 (Groundball, 6)
Batting: RHB Steven Springer 0-0: Ball
1-0: Foul Ball, location: 2F
1-1: Ball
2-1: Ball
3-1: Base on Balls
Batting: RHB Mike Peterson 0-0: Ball
1-0: DOUBLE (Line Drive, 8RD)
Steven Springer to third
Runner from 3rd tries for Home, SAFE, no throw
Batting: RHB Harry Payne 0-0: Foul Ball, location: 2F
0-1: 2-RUN HOME RUN (Flyball, 7D), Distance : 341 ft
Pitching: LHP Roy Clark
Batting: RHB Thomas English 0-0: Called Strike
0-1: SINGLE (Flyball, 7S)
Batting: SHB Xavier Stout 0-0: Called Strike
0-1: Called Strike
0-2: Strikes out looking
Batting: RHB Bob Howard 0-0: Ball
1-0: Fielders Choice at 2nd, 6-4 (Groundball, 6)
Bottom of the 8th over - 3 runs, 3 hits, 0 errors, 1 left on base; John Jay HS 8 - Fresno HS 7
TOP OF THE 9TH
John Jay HS Patriots batting - Pitching for Fresno HS Red Wings : LHP António Muñóz
Pitching: LHP António Muñóz
Batting: RHB Kevin Hawkins 0-0: Ball
1-0: Foul Ball, location: 2F
1-1: Swinging Strike
1-2: Ball
2-2: Strikes out swinging
Pitching: RHP Vic Burton
Batting: SHB Oliver Miles 0-0: Foul Ball, location: 2F
0-1: Swinging Strike
0-2: Foul Ball, location: 2F
0-2: Fly out, F4 (Line Drive, 4M)
Batting: SHB António Villa 0-0: Called Strike
0-1: Fly out, F9 (Flyball, 9S)
Top of the 9th over - 0 runs, 0 hits, 0 errors, 0 left on base; John Jay HS 8 - Fresno HS 7
BOTTOM OF THE 9TH
Fresno HS Red Wings batting - Pitching for John Jay HS Patriots : LHP Roy Clark
Pitching: RHP José Ramírez
Batting: SHB Esteban Martínez 0-0: Ball
1-0: Foul Ball, location: 2F
1-1: Foul Ball, location: 2F
1-2: Ball
2-2: Ball
3-2: Base on Balls
Batting: RHB Chris Myers 0-0: Ball
1-0: Swinging Strike
1-1: Ball
2-1: Called Strike
2-2: Ball
3-2: 2-RUN HOME RUN (Line Drive, 7D), Distance : 359 ft
Saturday, December 16th, 2017 - OOTP Baseball 18.8 Build 76